 Dungeon Crawl Stone Soup version 0.23.2-40-g277498a001 (webtiles) character file.

Game seed: 17788920025998899119

3497 Dycilia the Cutter (level 9, -2/85 HPs)
             Began as a Troll Fighter on Oct 2, 2019.
             Was a Priest of Qazlal.
             Slain by a killer bee (8 damage)
             ... on level 8 of the Dungeon.
             The game lasted 01:26:10 (6425 turns).

Dycilia the Cutter (Troll Fighter)                  Turns: 6425, Time: 01:26:11

Health: -2/85      AC:  7    Str: 31    XL:     9   Next: 80%
Magic:  9/9        EV: 10    Int:  4    God:    Qazlal [***...]
Gold:   234        SH: 16    Dex:  9    Spells: 8/8 levels left

rFire    + . .     SeeInvis .   a - +3 rapier
rCold    . . .     Gourm    +   c - +1 shield
rNeg     . . .     Faith    .   w - +0 animal skin
rPois    .         Spirit   .   (helmet restricted)
rElec    .         Reflect  .   d - +0 cloak
rCorr    .         Harm     .   (gloves unavailable)
MR       .....                  (boots unavailable)
Stlth    +.........             (no amulet)
HPRegen  0.64/turn              l - ring of wizardry
MPRegen  0.11/turn              x - ring of protection from fire

@: lethally poisoned (-2 -> -3), about to teleport
A: large, unfitting armour, claws 3, fast metabolism 3, gourmand, high mp 1,
regeneration 1, shaggy fur 1, strong 1, tough skin 3
a: Upheaval, Elemental Force, Renounce Religion


You were on level 8 of the Dungeon.
You worshipped Qazlal.
Qazlal was most pleased with you.
You were completely stuffed.

You visited 1 branch of the dungeon, and saw 8 of its levels.

You collected 285 gold pieces.
You spent 51 gold pieces at shops.

Inventory:

Hand Weapons
 a - a +3 rapier (weapon)
 v - a +2 dagger of protection
Armour
 b - a +0 robe
 c - a +1 shield (worn)
 d - a +0 cloak (worn)
 w - a +0 animal skin (worn)
Jewellery
 k - an uncursed ring of magical power
 l - a ring of wizardry (left claw)
 x - a ring of protection from fire (right claw)
Wands
 j - a wand of scattershot (6)
Scrolls
 h - a scroll of fear {unknown}
 m - 2 scrolls of teleportation
 n - 2 scrolls of noise {unknown}
 o - 3 scrolls of magic mapping
 p - a scroll of acquirement {unknown}
 q - 2 scrolls of enchant weapon
 t - 2 scrolls of enchant armour
 u - 4 scrolls of remove curse
 y - a scroll of vulnerability {unknown}
Potions
 e - 3 potions of magic
 g - a potion of ambrosia {unknown}
 i - 2 potions of brilliance
 s - a potion of flight {unknown}
Comestibles
 f - 14 rations
 r - 11 chunks of flesh (quivered)


   Skills:
 + Level 4.6 Fighting
 + Level 6.6 Short Blades
 * Level 4.9 Armour
 + Level 5.4 Dodging
 + Level 0.4 Stealth
 + Level 5.9 Shields
 + Level 0.8 Invocations


You had 8 spell levels left.
You didn't know any spells.
Your spell library contained the following spells:

 Spells                   Type           Power        Failure   Level  Hunger
 Magic Dart               Conj           #...         38%         1    ##.....
 Summon Small Mammal      Summ           #...         38%         1    ##.....
 Blink                    Tloc           N/A          52%         2    ###....
 Call Imp                 Summ           #.......     52%         2    ###....
 Slow                     Hex            #.......     52%         2    ###....
 Call Canine Familiar     Summ           #.......     75%         3    ####...
 Conjure Flame            Conj/Fire      #.......     75%         3    ####...
 Mephitic Cloud           Conj/Pois/Air  #.......     75%         3    ####...
 Summon Guardian Golem    Hex/Summ       #.......     75%         3    ####...
 Summon Ice Beast         Ice/Summ       #.......     98%         4    #####..
 Summon Lightning Spire   Summ/Air       #.......     98%         4    #####..


Dungeon Overview and Level Annotations

Branches:
Dungeon (8/15)             Temple (0/1) D:4
   Lair: D:8-11

Altars:
Cheibriados
Dithmenos
Gozag
Kikubaaqudgha
Nemelex Xobeh
Qazlal
Ru
Trog
Xom
Yredelemnul

Shops:
D:4 *

Annotations:
D:7 2 transporters, Brandom's ghost, novice CeAM


Innate Abilities, Weirdness & Mutations

You are too large for most types of armour.
You have claws for hands.
Your metabolism is lightning-fast.
You like to eat raw meat.
Your natural rate of healing is unusually fast.
You are covered in fur. (AC +1)
You have extremely tough skin. (AC +3)
You have an increased reservoir of magic. (+10% MP)
Your muscles are strong. (Str +2)


Message History

* * * LOW HITPOINT WARNING * * *
Unknown command.
You feel sick. You block the killer bee's attack. x3
The killer bee closely misses you. The killer bee stings you.
* * * LOW HITPOINT WARNING * * *
You block the killer bee's attack. x2; The adder bites you but does no damage.
You block the killer bee's attack.
The killer bee stings you but does no damage.
The killer bee stings you.
* * * LOW HITPOINT WARNING * * *
The killer bee closely misses you.
Unknown command.
Quiver which item? (- for none, * to show all) (? for menu, Esc to quit)
Quivering
r - 11 chunks of flesh for throwing.
Unknown command.
As you read the scroll labeled ITWAYDIPNA, it crumbles to dust.
You feel strangely unstable.
It was a scroll of teleportation.
The killer bee barely misses you. You block the killer bee's attack. x3
The killer bee closely misses you. The killer bee stings you!
You die...

####.......# #
#.)###..# # #..# #..#
#.(###..#######
#.............#####
#.......###.......#
######...#.###....(..#
...............Sy☼...#
.........÷.....y@y...#
............#.yyyy...#
######...#....°.y....#
#...##.#O.......#
#.......y########
##.....#####.(.
##.#...yy$y...
#....y.......#
#.......y....#


You could see an ogre, 9 killer bees and an adder.

Vanquished Creatures
  Harold (D:7)
  A hippogriff (D:7)
  An orc warrior (D:7)
  2 ice beasts
  A sky beast (D:8)
  3 ogres
  3 centaurs
  A big kobold (D:7)
  4 bullfrogs (D:8)
  3 scorpions (D:6)
  2 killer bees (D:8)
  A bullfrog zombie (D:6)
  3 centaur zombies (D:8)
  A quasit (D:6)
  2 orc priests
  Crazy Yiuf (D:2)
  3 hounds
  2 jellies (D:7)
  5 orc wizards
  A centaur skeleton (D:8)
  5 iguanas
  8 worker ants
  Terence (D:2)
  Robin (D:4)
  4 gnolls (D:3)
  12 adders
  2 shadow imps
  An adder zombie (D:7)
  A worm (D:4)
  A dart slug (D:4)
  11 leopard geckos
  16 orcs
  7 giant cockroaches
  12 goblins
  10 hobgoblins
  6 jackals (D:4)
  11 kobolds
  A quokka (D:2)
  9 bats
  7 frilled lizards
  2 gnoll zombies (D:2)
  A leopard gecko skeleton (D:6)
  8 rats
178 creatures vanquished.

Notes
Turn   | Place    | Note
-------+----------+-------------------------------------------
     0 | D:1      | Dycilia the Troll Fighter began the quest for the Orb.
     0 | D:1      | Reached XP level 1. HP: 22/22 MP: 0/0
   183 | D:1      | Reached XP level 2. HP: 29/29 MP: 1/1
   736 | D:2      | Noticed Terence
   750 | D:2      | Killed Terence
   750 | D:2      | Reached XP level 3. HP: 33/36 MP: 2/2
   751 | D:2      | Found a stormy altar of Qazlal.
   762 | D:2      | Became a worshipper of Qazlal Stormbringer
  1027 | D:2      | Found a runed translucent door.
  1028 | D:2      | Noticed Crazy Yiuf
  1138 | D:2      | Reached skill level 2 in Short Blades
  1236 | D:2      | Found a basalt altar of Yredelemnul.
  1359 | D:2      | Killed Crazy Yiuf
  1359 | D:2      | Reached XP level 4. HP: 15/44 MP: 3/3
  1521 | D:3      | Gained mutation: Scrolls take you a little longer to read.
                  | [potion of mutation]
  1521 | D:3      | Gained mutation: You are agile. (Dex +2) [potion of
                  | mutation]
  1622 | D:3      | Found an opulent altar of Gozag.
  1692 | D:3      | Reached XP level 5. HP: 52/53 MP: 4/4
  1804 | D:3      | Reached * piety under Qazlal
  2483 | D:4      | Found a staircase to the Ecumenical Temple.
  2565 | D:4      | Lost mutation: Scrolls take you a little longer to read.
                  | [potion of mutation]
  2565 | D:4      | Lost mutation: You are agile. (Dex +2) [potion of mutation]
  2565 | D:4      | Gained mutation: You have an increased reservoir of magic.
                  | (+10% MP) [potion of mutation]
  2565 | D:4      | Gained mutation: Your muscles are strong. (Str +2) [potion
                  | of mutation]
  2665 | D:4      | Reached skill level 3 in Short Blades
  2665 | D:4      | Reached skill level 1 in Armour
  2665 | D:4      | Reached XP level 6. HP: 61/61 MP: 5/5
  2743 | D:4      | Found Ciaxyroi's Assorted Antiques.
  2751 | D:4      | Bought 3 fuming amethyst potions for 51 gold pieces
  2830 | D:4      | Found a bloodstained altar of Trog.
  2871 | D:4      | Noticed Robin
  2922 | D:4      | Killed Robin
  3007 | D:5      | Entered Level 5 of the Dungeon
  3299 | D:5      | Found a sparkling altar of Nemelex Xobeh.
  3310 | D:5      | Found a snail-covered altar of Cheibriados.
  3310 | D:5      | Noticed an ice beast
  3384 | D:5      | Reached XP level 7. HP: 67/67 MP: 6/6
  3448 | D:5      | Found a glowing drain.
  3455 | D:5      | Reached ** piety under Qazlal
  3868 | D:6      | Reached skill level 4 in Short Blades
  4050 | D:6      | Reached XP level 8. HP: 75/75 MP: 7/7
  4147 | D:6      | Found a shimmering altar of Xom.
  4879 | D:7      | Noticed Harold
  5088 | D:7      | Found a transporter.
  5088 | D:7      | Found a transporter.
  5194 | D:7      | Noticed Brandom's ghost (novice CeAM)
  5249 | D:7      | Reached *** piety under Qazlal
  5249 | D:7      | Reached skill level 5 in Short Blades
  5496 | D:7      | Noticed a hippogriff
  5582 | D:7      | Killed a hippogriff
  5582 | D:7      | Reached skill level 5 in Shields
  5700 | D:7      | Found an ancient bone altar of Kikubaaqudgha.
  5887 | D:7      | Killed Harold
  5887 | D:7      | Reached skill level 5 in Dodging
  5887 | D:7      | Reached XP level 9. HP: 69/84 MP: 7/9
  6058 | D:8      | Reached skill level 6 in Short Blades
  6216 | D:8      | Found a shadowy altar of Dithmenos.
  6274 | D:8      | Found a sacrificial altar of Ru.
  6425 | D:8      | Slain by a killer bee

Skill      XL: |  1  2  3  4  5  6  7  8  9 |
---------------+----------------------------+-----
Dodging        | 3 4 5 |  5.4
Short Blades   | 2 3 4 5 6 |  6.6
Shields        | 3 4 5 |  5.9
Fighting       | 3 4 |  4.6
Armour         | 1 2 4 |  4.9
Stealth        | |  0.4
Invocations    | |  0.8

Action                   |  1- 3 |  4- 6 |  7- 9 || total
-------------------------+-------+-------+-------++-------
Melee: Rapier            |   137 |   259 |   472 ||   868
Invok: Upheaval          |       |       |     2 ||     2
  Use: Potion            |     5 |     6 |     6 ||    17
       Scroll            |       |       |    11 ||    11
 Stab: Sleeping          |     2 |       |       ||     2
  Eat: Chunk             |    16 |    21 |    29 ||    66
Armor: Robe              |    43 |    64 |       ||   107
       Animal skin       |       |     2 |   106 ||   108
Dodge: Dodged            |    37 |    84 |   131 ||   252
Block: Shield            |    53 |   157 |   348 ||   558
